 Dungeon Crawl Stone Soup version 0.28-a0-317-g21599a725c (webtiles) character file.

Game seed: 16159713887410023114

1220 GordonOverkill the Fighter (level 8, -3/46 HPs)
             Began as a Felid Necromancer on Sept 1, 2021.
             Was a Believer of Sif Muna.
             Slain by Erica (5 damage)
             ... on level 7 of the Dungeon.
             The game lasted 00:22:21 (13954 turns).

GordonOverkill the Fighter (Felid Necromancer)     Turns: 13954, Time: 00:22:21

Health: -3/46      AC:  4    Str:  3 (4)  XL:     8   Next: 23%
Magic:  10/16      EV: 17    Int: 25      God:    Sif Muna [**....]
Gold:   437        SH:  0    Dex: 17      Spells: 7/17 levels left
                                        Lives:  0   Deaths: 2

rFire   . . .      SeeInvis +   (weapon unavailable)
rCold   . . .      Faith    .   (shield unavailable)
rNeg    + . .      Spirit   .   (armour unavailable)
rPois   .          Reflect  .   (helmet unavailable)
rElec   .          Harm     .   (cloak unavailable)
rCorr   .          Rampage  .   (gloves unavailable)
Will    +....                   (boots unavailable)
Stlth   ++........              (no amulet)
HPRegen 0.15/turn               e - ring of positive energy
MPRegen 0.15/turn               h - +6 ring of intelligence

@: quick
A: very small, claws 1, fangs 3, see invisible, speed 1, shaggy fur 2, stealthy
paws, no weapons or thrown items, no armour, multi-lived, horns 1, iridescent
scales 1, deterioration 1
a: Renounce Religion, Channel Magic


You were on level 7 of the Dungeon.
You worshipped Sif Muna.
Sif Muna was pleased with you.
You visited 1 branch of the dungeon, and saw 8 of its levels.
You also visited: Sewer.

You collected 509 gold pieces.
You spent 72 gold pieces at shops.

Inventory:

Jewellery
 a - the ring of Keol {rC+ rN+ Int+3 Slay-5}
   (You found it on level 6 of the Dungeon)

   [ring of protection from cold]

   Int:       It affects your intelligence (+3).
   Slay:      It affects your accuracy & damage with ranged weapons and melee
   (-5).
   rC:        It protects you from cold.
   rN:        It protects you from negative energy.
 c - a ring of ice
 e - a ring of positive energy (left paw)
 g - an amulet of guardian spirit
 h - a +6 ring of intelligence (right paw)
Wands
 j - a wand of paralysis (9)
 k - a wand of polymorph (3)
Scrolls
 d - a scroll of amnesia
 i - a scroll of immolation
 m - 2 scrolls of teleportation
Potions
 l - a potion of flight
 p - a potion of magic


   Skills:
 - Level 12.5 Fighting
 - Level 2.6 Dodging
 - Level 2.6 Stealth
 - Level 5.0 Spellcasting
 - Level 4.0 Necromancy
 - Level 3.0 Translocations
 + Level 3.0 Air Magic
 - Level 5.0 Invocations


You had 7 spell levels left.
You knew the following spells:

 Your Spells              Type           Power      Damage    Failure   Level
a - Pain                  Necr           100%       1d9       1%          1
b - Vampiric Draining     Necr           13%        2d7       4%          3
c - Blink                 Tloc           N/A        N/A       3%          2
d - Airstrike             Air            10%        N/A       24%         4

Your spell library contained the following spells:

 Spells                   Type           Power      Damage    Failure   Level
 Animate Skeleton         Necr           52%        N/A       1%          1
 Shock                    Conj/Air       52%        1d6       4%          1
 Lesser Beckoning         Tloc           21%        N/A       7%          3
 Swiftness                Air            21%        N/A       7%          3
 Sandblast                Erth           12%        2d6       9%          1
 Passwall                 Tmut/Erth      5%         N/A       12%         2
 Animate Dead             Necr           13%        N/A       16%         4
 Call Canine Familiar     Summ           6%         N/A       24%         3
 Dazzling Flash           Conj/Hex       12%        N/A       24%         3
 Agony                    Necr           26%        N/A       41%         5
 Manifold Assault         Tloc           21%        N/A       54%         5
 Leda's Liquefaction      Hex/Erth       3%         N/A       63%         4
 Silence                  Hex/Air        6%         N/A       77%         5
 Blade Hands              Tmut           3%         N/A       92%         5
 Lee's Rapid Deconstruct  Erth           3%         3d6*      92%         5
 Portal Projectile        Hex/Tloc       Unusable   N/A       N/A         3
 Excruciating Wounds      Necr           Unusable   N/A       N/A         5

Dungeon Overview and Level Annotations

Branches:
Dungeon (8/15)             Temple (0/1) D:4           Sewer (visited)
   Lair: D:8-11

Altars:
Ru
Sif Muna
Wu Jian
Zin
The Shining One

Shops:
D:1 [(   D:3 ?   D:4 :   D:5 (

Annotations:
D:6 2 transporters, Conn's ghost, novice OpFE
D:7 Erica


Innate Abilities, Weirdness & Mutations

You have sharp claws.
You have razor-sharp teeth.
You have supernaturally acute eyesight. (SInv)
You cover ground quickly. (Speed+)
You are covered in thick fur. (AC +2)
Your paws help you pounce on unaware monsters.
You are incapable of wielding weapons or throwing items.
You cannot wear armour.
You gain extra lives every three experience levels.
You have a pair of small horns on your head.
You are partially covered in iridescent scales. (AC +2)
Your body sometimes deteriorates upon taking damage.


Message History

Erica shouts!
Erica points at you and mumbles some strange words.
You are confused.
Erica gestures at you while chanting.
You are more confused.
Erica points at you and mumbles some strange words.
The lance of force hits you!
* * * LOW HITPOINT WARNING * * *
You are knocked back by the lance of force.
You slam into the rock wall!
* * * LOW HITPOINT WARNING * * *
You bump into the rock wall.
You bump into the rock wall.
Erica hits you with a +0 scimitar of flaming!
* * * LOW HITPOINT WARNING * * *
Your body deteriorates!
You feel weakened. Erica burns you.
* * * LOW HITPOINT WARNING * * *
You bump into the rock wall.
Erica gestures at you while chanting. You resist with some effort.
You bump into the rock wall.
You feel less confused.
Casting: Pain (safe; 1% risk of failure)
Confirm with . or Enter, or press ? or * to list all spells.
Aiming: Vampiric Draining (dangerous; 4% risk of failure)
Press: ? - help, Shift-Dir - straight line, f - Erica
Aim: Erica, wielding a +0 scimitar of flaming and wearing a +2 robe of resistance You draw life force from Erica.
You feel life coursing into your body. Erica hits you but does no damage.
Casting: Vampiric Draining (dangerous; 4% risk of failure)
Confirm with . or Enter, or press ? or * to list all spells.
Aiming: Vampiric Draining (dangerous; 4% risk of failure)
Press: ? - help, Shift-Dir - straight line, f/p - Erica
Aim: Erica, wielding a +0 scimitar of flaming and wearing a +2 robe of resistance (lightly wounded)
You draw life force from Erica.
You feel life coursing into your body.
Erica hits you with a +0 scimitar of flaming!
* * * LOW HITPOINT WARNING * * *
Erica burns you.
You die...

#.........# #.#
#.........###.#################
#.........##...................
#######.####..########.########
#.# #..# #.# #รท# #..# #.# #.#
#..# #####.########
#.####..####...........##
#......>@@...........####
#.####.#####.###..##..# # #.#
#.# #.###..###.### #.#
##.#####............' #.#
#......)......###..## #.#
#..#########.## ##.## #.###..#
#(##.# #.## #......# #.##.#
#..# ######.# #.##.# ##.#


You could see Erica.

Vanquished Creatures
  Menkaure (D:5)
  A water moccasin (D:7)
  A black bear (D:7)
  2 orc warriors
  An ice beast (D:7)
  An ogre (D:5)
  3 centaurs
  A phantom (D:5)
  A kobold brigand (D:7)
  2 bullfrogs
  2 howler monkeys (D:5)
  2 bullfrog zombies
  A centaur zombie (D:7)
  3 hounds (D:6)
  2 jellies
  A gnoll shaman (D:7)
  2 centaur skeletons
  3 iguanas
  Crazy Yiuf (D:2)
  2 orc wizards (D:5)
  A killer bee zombie (D:8)
  A hound skeleton (D:5)
  5 gnolls (D:7)
  11 adders
  3 shadow imps
  A white imp (D:6)
  2 ufetubi
  3 worms
  10 orcs
  4 endoplasms
  3 giant cockroaches
  5 goblins
  8 hobgoblins
  12 jackals
  14 kobolds
  4 quokkas
  3 training dummies (D:5)
  12 ball pythons
  6 bats
  7 frilled lizards
  3 rats
151 creatures vanquished.

Vanquished Creatures (others)
  17 plants (Sewer)
17 creatures vanquished.

Grand Total: 168 creatures vanquished

Notes
Turn   | Place    | Note
-------+----------+-------------------------------------------
     0 | D:1      | GordonOverkill the Felid Necromancer began the quest for
                  | the Orb.
     0 | D:1      | Reached XP level 1. HP: 7/7 MP: 4/4
   330 | D:1      | Found Hurophia's Weapon Shop.
   643 | D:1      | Reached skill level 1 in Fighting
   725 | D:1      | Found Wusits's Antique Armour Boutique.
   729 | D:1      | Reached XP level 2. HP: 11/12 MP: 4/6
  2053 | D:2      | Found a shimmering blue altar of Sif Muna.
  2061 | D:2      | Became a worshipper of Sif Muna the Loreminder
  2178 | D:2      | Reached XP level 3. HP: 12/16 MP: 4/8
  2243 | D:2      | Learned a level 3 spell: Vampiric Draining
  2678 | D:2      | Reached skill level 2 in Fighting
  2856 | D:2      | Learned a level 2 spell: Blink
  3857 | D:2      | Reached skill level 1 in Translocations
  3857 | D:2      | Reached skill level 1 in Invocations
  3997 | D:2      | Found a runed translucent door.
  3998 | D:2      | Noticed Crazy Yiuf
  4223 | D:2      | Reached XP level 4. HP: 17/19 MP: 6/9
  4378 | D:2      | Slain by Crazy Yiuf
  4379 | D:2      | Reached XP level 3. HP: -5/16 MP: 8/8
  4456 | D:2      | Killed Crazy Yiuf
  4917 | D:3      | Reached XP level 4. HP: 18/20 MP: 5/9
  4983 | D:3      | Noticed a centaur
  4997 | D:3      | Killed a centaur
  4998 | D:3      | Reached XP level 5. HP: 11/24 MP: 6/11
  5245 | D:3      | Reached * piety under Sif Muna
  5357 | D:3      | Reached skill level 3 in Fighting
  5567 | D:3      | Found Ikoe's Magic Scroll Shoppe.
  5570 | D:3      | Bought a scroll of identify for 24 gold pieces
  5570 | D:3      | Bought a scroll of identify for 24 gold pieces
  5570 | D:3      | Bought a scroll of identify for 24 gold pieces
  5697 | D:3      | Found an ornate altar of the Wu Jian Council.
  6020 | D:4      | Found Rabreiq's Book Shop.
  6065 | D:4      | Found a glowing drain.
  6099 | Sewer    | Entered a sewer
  7378 | D:4      | Found a sacrificial altar of Ru.
  7791 | D:4      | Noticed a centaur
  7800 | D:4      | Killed a centaur
  7800 | D:4      | Reached ** piety under Sif Muna
  7801 | D:4      | Gained mutation: You are covered in thick fur. (AC +2)
                  | [Felid growth]
  7801 | D:4      | Reached XP level 6. HP: 9/28 MP: 1/13
  8333 | D:4      | Found a staircase to the Ecumenical Temple.
  8381 | D:5      | Entered Level 5 of the Dungeon
  8383 | D:5      | Gained mutation: You are partially covered in iridescent
                  | scales. (AC +2) [potion of mutation]
  8383 | D:5      | Gained mutation: Your body sometimes deteriorates upon
                  | taking damage. [potion of mutation]
  8383 | D:5      | Gained mutation: You have a pair of small horns on your
                  | head. [potion of mutation]
  8384 | D:5      | Reached skill level 12 in Fighting
  8384 | D:5      | Reached XP level 7. HP: 42/42 MP: 14/14
  8437 | D:5      | Noticed Menkaure
  8858 | D:6      | Found a transporter.
  8858 | D:6      | Noticed Conn's ghost (novice OpFE)
  8859 | D:6      | Noticed a boulder beetle
  8862 | D:6      | Found a transporter.
  9478 | D:6      | Learned a level 4 spell: Airstrike
  9623 | D:6      | Reached XP level 8. HP: 31/46 MP: 8/15
  9740 | D:6      | Identified the ring of Keol {rC+ rN+ Int+3 Slay-5}
 10253 | D:5      | Found Igejum's Firing Range.
 10328 | D:5      | Reached skill level 1 in Air Magic
 10764 | D:5      | Found a glowing silver altar of Zin.
 11369 | D:5      | Killed Menkaure
 11970 | D:7      | Reached skill level 5 in Spellcasting
 12354 | D:7      | Reached XP level 9. HP: 48/49 MP: 7/17
 13258 | D:7      | Found a glowing golden altar of the Shining One.
 13355 | D:8      | Noticed Erica
 13360 | D:8      | Reached skill level 5 in Invocations
 13455 | D:7      | HP: 1/49 [poisoned by Erica (bolt of poison)]
 13456 | D:7      | Succumbed to Erica's bolt of poison
 13457 | D:7      | Reached XP level 8. HP: -1/46 MP: 1/16
 13954 | D:7      | HP: 2/46 [Erica (10)]
 13954 | D:7      | Slain by Erica

Illustrated notes

Levels and vault maps discovered:
D:1:      lightli_arrival_windingriver, layout_loops_ring, serial_shops,
          nicolae_square_shop, shop
D:2:      layout_basic, basic_altar, uniq_crazy_yiuf_cottage
D:3:      layout_basic, pdpol_wu_jian_five_deadly_venoms, serial_shops, shop
D:4:      layout_rooms, nicolae_overflow_crystal_walls,
          minmay_temple_entry_crystal_x, serial_shops, shop_coins,
          portal_sewer_entry_d
D:5:      layout_loops_cross, mainiacjoe_overflow_catwalk,
          nicolae_shop_firing_range, uniq_menkaure
D:6:      layout_rooms, gammafunk_ghost_arena
D:7:      layout_basic, lemuel_coloured_pillars_altar, minmay_stone_trees_small,
          minmay_misc_feat_tiny
D:8:      layout_cave_pools, serial_column_ruins, column_ruins_temple_hut,
          column_ruins_hut, column_ruins_corridor_plus, column_ruins_grid_3,
          column_ruins_corridor_straight, column_ruins_open_tiny_water,
          column_ruins_grid_3, uniq_erica

Skill      XL: |  1  2  3  4  5  6  7  8  9 |
---------------+----------------------------+-----
Fighting       | 1 2 3 12 | 12.5
Spellcasting   | 3 4 5 |  5.0
Translocations | 2 3 |  3.0
Invocations    | 1 2 3 4 5 |  5.0
Air Magic      | 2 3 |  3.0
Dodging        | |  2.6
Stealth        | |  2.6
Necromancy     | |  4.0

Action                   |  1- 3 |  4- 6 |  7- 9 || total
-------------------------+-------+-------+-------++-------
Melee: Unarmed           |       |    49 |   222 ||   271
       Bite              |       |     7 |    27 ||    34
       Headbutt          |       |       |    31 ||    31
 Cast: Pain              |   107 |    81 |   142 ||   330
       Vampiric Draining |       |     5 |    36 ||    41
Evoke: Wand              |       |       |     3 ||     3
  Use: Scroll            |     4 |    10 |     2 ||    16
       Potion            |     1 |     6 |     6 ||    13
 Stab: Sleeping          |       |     1 |       ||     1
Armor: Skin              |     1 |     9 |    53 ||    63
Dodge: Dodged            |     9 |    61 |   296 ||   366

Table legend: (Time is in decaauts)
 A = Elapsed time spent in this place.
 B = Non-inter-level travel time spent in this place.
 C = Inter-level travel time spent in this place.
 D = Time resting spent in this place.
 E = Time spent auto-exploring this place.
 F = Levels seen in this place.
 G = Mean time per level.
                   A        B        C        D        E       F      G
               +--------+--------+--------+--------+--------+-----+--------+
         Total |  12999 |  12776 |    223 |   7143 |   3338 |   9 | 1444.3 |
       Dungeon |  11687 |  11464 |    223 |   6538 |   2866 |   8 | 1460.9 |
         Sewer |   1311 |   1311 |      0 |    605 |    472 |   1 | 1311.0 |
               +--------+--------+--------+--------+--------+-----+--------+

Top non-repeatable levels by time:
     D:2: 2442 daAuts
     D:7: 1922 daAuts
     D:1: 1869 daAuts
     D:6: 1632 daAuts
     D:4: 1423 daAuts
   Sewer: 1311 daAuts
     D:5: 1244 daAuts
     D:3: 1109 daAuts
     D:8: 43 daAuts
